 Dungeon Crawl Stone Soup version 0.27-a0-1105-g946c659c87 (webtiles) character file.

Game seed: 18232496878739691941

72 robertstho the Magician (level 4, -1/31 HPs)
             Began as a Djinni Fire Elementalist on Apr 30, 2021.
             Slain by a gnoll
             ... wielding a +0 spear of flaming
              (4 damage)
             ... on level 4 of the Dungeon.
             The game lasted 00:02:30 (1187 turns).

robertstho the Magician (Djinni Fire Elementalist)  Turns: 1187, Time: 00:02:31

Health: -1/31      AC:  2    Str:  7    XL:     4   Next: 26%
Gold:   52         EV: 12    Int: 18    God:
                   SH:  0    Dex: 13

rFire    + + .     SeeInvis .   i - +2 dagger (protect)
rCold    x . .     Faith    .   (no shield)
rNeg     . . .     Spirit   .   a - +0 robe
rPois    ∞         Reflect  .   (no helmet)
rElec    .         Harm     .   (no cloak)
rCorr    .         Rampage  .   (no gloves)
Will     .....                  (boots unavailable)
Stlth    ++........             (no amulet)
HPRegen  0.10/turn              (no ring)
MPRegen  0.00/turn              (no ring)

@: attractive, flying
A: fire resistance 2, cold vulnerability 1, float, innate caster, hp casting,
extra vitality 1
a: no special abilities


You were on level 4 of the Dungeon.
You visited 1 branch of the dungeon, and saw 3 of its levels.

You collected 52 gold pieces.

Inventory:

Hand Weapons
 c - a +0 dagger
 i - a +2 dagger of protection (weapon)
Armour
 a - a +0 robe (worn)
Scrolls
 b - 2 scrolls of blinking {unknown}
 d - a scroll of magic mapping {unknown}
 e - a scroll of acquirement {unknown}
 g - a scroll of holy word {unknown}
 h - a scroll of noise {unknown}
Potions
 f - a potion of attraction


   Skills:
 + Level 0.1 Fighting
 + Level 2.8 Dodging
 + Level 2.1 Stealth
 + Level 3.7 Spellcasting


You couldn't memorise any spells.
You knew the following spells:

 Your Spells              Type           Power      Damage    Failure   Level
a - Foxfire               Conj/Fire      68%        2x1d7     3%          1
b - Conjure Flame         Conj/Fire      17%        6-21      10%         3
c - Inner Flame           Hex/Fire       17%        N/A       10%         3
d - Sticky Flame          Conj/Fire      17%        2d4       32%         4
e - Fireball              Conj/Fire      8%         3d6       65%         5
f - Summon Small Mammal   Summ           68%        N/A       3%          1
Your spell library was empty.

Dungeon Overview and Level Annotations

Branches:
Dungeon (2/15)

Altars:

Shops:
D:1 [


Innate Abilities, Weirdness & Mutations

You are immune to poison.
Your flesh is very heat resistant. (rF++)
You are vulnerable to cold. (rC-)
You float through the air rather than walking.
You learn spells naturally, not from books.
Your magical power is your life essence.
You have superior vitality. (+4 HP)


Message History

The gnoll is moderately wounded.
Unknown command.
Casting: Foxfire (safe; 3% risk of failure)
Press: ? - help, Q - select action, (/) - cycle Dir - look around, f - activate You conjure some foxfire!
* * * LOW HITPOINT WARNING * * *
The foxfire hits the gnoll.
The gnoll is severely wounded.
The foxfire hits the gnoll.
You kill the gnoll!
A gnoll comes into view. It is wielding a +0 spear of flaming.
Your foxfire dissipates!
You see here a +2 dagger of protection.
Your +2 dagger of protection hums with potential!
i - a +2 dagger of protection (weapon)
Your foxfire dissipates! x2
Casting: Foxfire (safe; 3% risk of failure)
Press: ? - help, Q - select action, (/) - cycle Dir - look around, f - activate You conjure some foxfire!
* * * LOW HITPOINT WARNING * * *
Unknown command.
Your foxfire dissipates!
The foxfire hits the gnoll.
The gnoll is moderately wounded.
Casting: Foxfire (safe; 3% risk of failure)
Press: ? - help, Q - select action, (/) - cycle Dir - look around, f - activate You conjure some foxfire!
* * * LOW HITPOINT WARNING * * *
The gnoll hits you from afar with a +0 spear of flaming.
* * * LOW HITPOINT WARNING * * *
The foxfire hits the gnoll.
The gnoll is severely wounded.
The foxfire hits the gnoll but does no damage.
The gnoll is severely wounded.
Unknown command.
You aren't carrying any items that you can evoke.
It was a potion of attraction.
You feel attractive to monsters.
The gnoll hits you from afar with a +0 spear of flaming.
You die...

........#
#........#
#........#
#.......).
#.......)#
........#
.......g########
##.####.##§...?....
.........§.@######
#.####..#..#
##.#..# #....#
##...# #...# ##>.#
#.## #.#


You could see a gnoll.

Vanquished Creatures
  A centaur skeleton (D:4)
  A hound skeleton (D:4)
  2 gnolls (D:4)
  A dart slug (D:1)
  3 ball pythons (D:1)
  An endoplasm (D:4)
  A quokka (D:1)
  A bat (D:1)
  4 kobolds
  2 rats (D:1)
17 creatures vanquished.

Vanquished Creatures (others)
  69 foxfires
69 creatures vanquished.

Grand Total: 86 creatures vanquished

Notes
Turn   | Place    | Note
-------+----------+-------------------------------------------
     0 | D:1      | robertstho the Djinni Fire Elementalist began the quest for
                  | the Orb.
     0 | D:1      | Reached XP level 1. HP: 15/15 MP: 0/0
   117 | D:1      | Found Junya's Antique Armour Emporium.
   349 | D:1      | Reached skill level 3 in Spellcasting
   350 | D:1      | Reached XP level 2. HP: 14/21 MP: 0/0
  1011 | D:2      | Found a faded altar of an unknown god.
  1058 | D:2      | You are sucked into a shaft and drop 2 floors!
  1073 | D:4      | Reached XP level 3. HP: 18/25 MP: 0/0
  1073 | D:4      | Learned a level 1 spell: Summon Small Mammal
  1178 | D:4      | Reached XP level 4. HP: 11/31 MP: 0/0
  1187 | D:4      | Slain by a gnoll

Illustrated notes

Levels and vault maps discovered:
D:1:      dpeg_arrival_stonehenge_12_columns, layout_basic, serial_shops, shop
D:2:      layout_basic, ebering_ecumenical_altar_abandoned, grunt_ministairs_15,
          uniq_sigmund, uniq_crazy_yiuf_cottage
D:4:      layout_basic

Skill      XL: |  1  2  3 |
---------------+----------+-----
Spellcasting   | 3 |  3.7
Stealth        | 2 |  2.1
Fighting       | |  0.1
Dodging        | |  2.8

Action                   |  1- 3 |  4- 6 || total
-------------------------+-------+-------++-------
 Cast: Foxfire           |    38 |     4 ||    42
  Use: Potion            |       |     1 ||     1
Armor: Robe              |     2 |       ||     2
Dodge: Dodged            |     7 |       ||     7

Table legend: (Time is in decaauts)
 A = Elapsed time spent in this place.
 B = Non-inter-level travel time spent in this place.
 C = Inter-level travel time spent in this place.
 D = Time resting spent in this place.
 E = Time spent auto-exploring this place.
 F = Levels seen in this place.
 G = Mean time per level.
                   A        B        C        D        E       F      G
               +--------+--------+--------+--------+--------+-----+--------+
         Total |   1185 |   1142 |     43 |      0 |   1050 |   3 |  395.0 |
       Dungeon |   1185 |   1142 |     43 |      0 |   1050 |   3 |  395.0 |
               +--------+--------+--------+--------+--------+-----+--------+

Top non-repeatable levels by time:
     D:1: 964 daAuts
     D:4: 128 daAuts
     D:2: 92 daAuts
